[Event "Titled Tuesday Blitz August 1 Early 2023"]
[White "Djordjevic, Vuk"]
[Black "Gholami Orimi, Mahdi"]
[WhiteFideId "902098"]
[BlackFideId "12558486"]
[WhiteElo "2748"]
[BlackElo "2910"]
[Result "1-0"]
[Round "6"]
[TimeControl "180+1"]
[Date "2023.08.01"]
[WhiteClock "0:00:05"]
[BlackClock "0:00:01"]
[Board "20"]

1. d4 Nf6 2. Bg5 c5 3. Bxf6 gxf6 4. d5 Qb6 5. Qc1 f5 6. c4 Bh6 7. Qc2 d6 8. Nc3 Nd7 9. e3 Ne5 10. Be2 Rg8 11. g3 Bd7 12. Nh3 Ng6 13. O-O f4 14. Nxf4 Nxf4 15. exf4 Bxf4 16. Qxh7 O-O-O 17. Qxf7 Be5 18. Rab1 Rdf8 19. Qxe7 Bf5 20. Rbe1 Re8 21. Qh4 Qxb2 22. Nd1 Qxa2 23. Ne3 Bd7 24. Bg4 Bxg4 25. Nxg4 Qxc4 26. h3 Kb8 27. Qh6 Qxd5 28. Nxe5 dxe5 29. Qe3 c4 30. Re2 Qd4 31. Qf3 Re7 32. Rfe1 c3 33. Re4 Qc5 34. Qe2 Rc8 35. Rc1 b5 36. Qa2 b4 37. g4 Rb7 38. Qb3 c2 39. Re2 Qc3 40. Rexc2 a5 41. Rxc3 bxc3 42. Qd5 c2 43. Qxe5+ Ka7 44. Qxa5+ Kb8 45. Qe5+ Ka7 46. Qe4 Rb2 47. Kg2 Kb6 48. Qd4+ 1-0


[Site "https://www.chess.com"]

[Event "Titled Tuesday Blitz August 1 Early 2023"]
[White "Matinian, Nikita"]
[Black "Aravindh, Chithambaram VR."]
[WhiteFideId "24129100"]
[BlackFideId "5072786"]
[WhiteElo "2747"]
[BlackElo "2910"]
[Result "1-0"]
[Round "6"]
[TimeControl "180+1"]
[Date "2023.08.01"]
[WhiteClock "0:01:46"]
[BlackClock "0:00:04"]
[Board "21"]

1. e4 c6 2. d4 d5 3. e5 c5 4. Nf3 cxd4 5. Qxd4 Nc6 6. Qf4 g6 7. Nc3 Bg7 8. h4 h5 9. Be3 Nh6 10. O-O-O e6 11. Bc5 Qa5 12. Nb5 Qxa2 13. Nc7+ Kd8 14. Nxa8 Nf5 15. Bd3 b6 16. Ba3 Bb7 17. Bxf5 exf5 18. e6 Bxa8 19. Qd6+ Kc8 20. Qd7+ Kb8 21. Bd6# 1-0


[Site "https://www.chess.com"]

[Event "Titled Tuesday Blitz August 1 Early 2023"]
[White "Weetik, Vjacheslav"]
[Black "Nguyen, Ngoc Truong Son"]
[WhiteFideId "4153472"]
[BlackFideId "12401110"]
[WhiteElo "2744"]
[BlackElo "2904"]
[Result "1/2-1/2"]
[Round "6"]
[TimeControl "180+1"]
[Date "2023.08.01"]
[WhiteClock "0:00:02"]
[BlackClock "0:00:03"]
[Board "22"]

1. d4 g6 2. e4 Bg7 3. Nc3 d6 4. g3 Nc6 5. d5 Ne5 6. h3 c6 7. Bg2 Nf6 8. Nge2 h5 9. f4 Ned7 10. dxc6 bxc6 11. O-O Rb8 12. b3 Nc5 13. e5 Nd5 14. Nxd5 cxd5 15. Bb2 O-O 16. Kh2 e6 17. Nd4 Bb7 18. exd6 h4 19. Qe1 hxg3+ 20. Qxg3 Qxd6 21. Nb5 Qe7 22. Bxg7 Kxg7 23. Nd4 Qf6 24. c3 Ne4 25. Bxe4 dxe4 26. f5 exf5 27. Rxf5 Qe7 28. Raf1 Bc8 29. Rxf7+ Rxf7 30. Rxf7+ Qxf7 31. Qxb8 Qf2+ 32. Kh1 Qf1+ 33. Kh2 Qxh3+ 34. Kg1 Qe3+ 35. Kh2 Qf2+ 36. Kh1 Bg4 37. Qe5+ Kh6 38. Qh2+ Qxh2+ 39. Kxh2 Kg5 40. Kg3 Bd7 41. c4 Bg4 42. c5 e3 43. c6 e2 44. Kf2 Kf4 45. Nxe2+ Ke5 46. b4 a6 47. a4 Kd5 48. b5 axb5 49. axb5 Kc5 50. Nd4 Bc8 51. Ke3 g5 52. Kd3 g4 53. Ke3 g3 54. Ne2 Kxb5 55. Nxg3 Kxc6 1/2-1/2


[Site "https://www.chess.com"]

[Event "Titled Tuesday Blitz August 1 Early 2023"]
[White "Harsh Suresh"]
[Black "Skvortsov, Andrei"]
[WhiteFideId "45018464"]
[BlackFideId "24108600"]
[WhiteElo "2887"]
[BlackElo "2729"]
[Result "1/2-1/2"]
[Round "6"]
[TimeControl "180+1"]
[Date "2023.08.01"]
[WhiteClock "0:00:10"]
[BlackClock "0:00:08"]
[Board "23"]

1. d4 Nf6 2. c4 e6 3. g3 c5 4. Nf3 cxd4 5. Nxd4 Bb4+ 6. Bd2 Bxd2+ 7. Qxd2 d5 8. cxd5 Qxd5 9. Nf3 Qxd2+ 10. Nbxd2 O-O 11. Bg2 Nc6 12. O-O Rd8 13. Nc4 Bd7 14. Nfe5 Nxe5 15. Nxe5 Be8 16. Rfd1 Rxd1+ 17. Rxd1 Rb8 18. Rc1 Nd7 19. Nxd7 Bxd7 20. Rc7 Bc8 21. a4 a5 22. h4 Kf8 23. Be4 h6 24. Kg2 Ke8 25. b3 b6 26. Bc6+ Kf8 27. Ra7 e5 28. Bd5 Be6 29. Bxe6 fxe6 30. e3 e4 31. g4 Rd8 32. Rb7 Rd6 33. g5 hxg5 34. hxg5 Rd5 35. g6 Rg5+ 36. Kf1 Rxg6 37. Rxb6 Rh6 38. Rb5 Rh1+ 39. Ke2 Rb1 40. Kd2 Ke7 41. Kc3 Rf1 42. Rxa5 Rxf2 43. Kd4 Rf5 44. Ra7+ Kf6 45. Kxe4 g5 46. b4 Re5+ 47. Kf3 g4+ 48. Kxg4 Re4+ 49. Kf3 Rxb4 50. a5 Ra4 51. a6 Rb4 52. Ra8 Ra4 53. a7 Kg7 54. Ke2 Ra3 55. Kd2 e5 56. Kc2 e4 57. Kb2 Ra6 58. Kc3 Ra3+ 59. Kd4 Ra4+ 60. Ke5 Kh7 61. Kf6 Ra6+ 62. Kf5 Ra4 63. Kf4 Kg7 64. Ke5 Kh7 65. Ke6 Ra6+ 66. Kd7 Ra3 67. Kc6 Kg7 68. Kb6 Rb3+ 69. Kc5 Ra3 70. Kd6 Ra5 71. Ke6 Ra6+ 72. Ke5 Ra4 73. Kf5 Kh7 74. Kf6 Ra6+ 75. Kf7 Ra3 76. Ke6 Ra6+ 77. Kf5 Ra4 1/2-1/2


[Site "https://www.chess.com"]

[Event "Titled Tuesday Blitz August 1 Early 2023"]
[White "Khubukshanov, Erdem"]
[Black "Zhao, Jun"]
[WhiteFideId "54114527"]
[BlackFideId "8602522"]
[WhiteElo "2863"]
[BlackElo "2729"]
[Result "1-0"]
[Round "6"]
[TimeControl "180+1"]
[Date "2023.08.01"]
[WhiteClock "0:00:20"]
[BlackClock "0:00:00"]
[Board "24"]

1. Nf3 Nf6 2. g3 d5 3. Bg2 e6 4. O-O Be7 5. d3 O-O 6. Nbd2 b6 7. a4 Bb7 8. a5 c5 9. c3 b5 10. d4 a6 11. dxc5 Bxc5 12. Nb3 Ba7 13. Ne5 Nbd7 14. Bf4 Rc8 15. Nd4 Nxe5 16. Bxe5 Ng4 17. Bf4 e5 18. Bh3 exd4 19. Bxg4 f5 20. Bf3 dxc3 21. bxc3 Rxc3 22. Qd2 Rc4 23. Rfd1 h6 24. Bxd5+ Bxd5 25. Qxd5+ Qxd5 26. Rxd5 g5 27. Bd2 Rc2 28. Kf1 Bb8 29. Rc1 Rxc1+ 30. Bxc1 Bc7 31. Bb2 f4 32. gxf4 Rxf4 33. Bc3 Rc4 34. Bd2 Kf7 35. Rd7+ Kg6 36. f3 Bxh2 37. Ra7 Rc6 38. Be3 Bc7 39. Bb6 Bxb6 40. Rxa6 b4 41. Rxb6 1-0


[Site "https://www.chess.com"]

[Event "Titled Tuesday Blitz August 1 Early 2023"]
[White "Rasulov, Vugar"]
[Black "Fiorito, Joaquin"]
[WhiteFideId "13402390"]
[BlackFideId "180173"]
[WhiteElo "2854"]
[BlackElo "2725"]
[Result "1-0"]
[Round "6"]
[TimeControl "180+1"]
[Date "2023.08.01"]
[WhiteClock "0:00:41"]
[BlackClock "0:00:04"]
[Board "25"]

1. d4 Nf6 2. c4 e6 3. Nc3 Bb4 4. Bd2 O-O 5. e3 c5 6. Nge2 b6 7. a3 Bxc3 8. Bxc3 Ne4 9. d5 Ba6 10. Qc2 exd5 11. cxd5 Nxc3 12. Nxc3 Bxf1 13. Kxf1 d6 14. g3 Nd7 15. Kg2 Ne5 16. e4 Qd7 17. a4 f5 18. f4 Ng4 19. Rhe1 Rae8 20. h3 Nf6 21. exf5 Qb7 22. Kh2 a6 23. Re6 b5 24. axb5 axb5 25. Rae1 Rd8 26. Re7 Rd7 27. Rxd7 Qxd7 28. Re6 b4 29. Ne4 Nxe4 30. Qxe4 Qa4 31. Rxd6 Qd1 32. Rc6 Qd2+ 33. Qg2 Qd4 34. d6 h6 35. Qe2 Kh8 36. h4 b3 37. Kh3 Qd5 38. Rc7 Qxd6 39. Qe7 Qxe7 40. Rxe7 Rc8 41. Re3 c4 42. Rc3 Kg8 43. g4 Kf7 44. g5 h5 45. Kg3 Rc5 46. Kf3 Ke7 47. Ke4 Kd6 48. Rc1 c3 49. bxc3 b2 50. Rd1+ Kc6 51. Rb1 Rc4+ 52. Ke5 Rxc3 53. Rxb2 Rh3 54. f6 gxf6+ 55. Kxf6 Rxh4 56. f5 Kd6 57. g6 Rg4 58. Rd2+ Kc7 59. g7 h4 60. Kf7 Rg5 61. f6 1-0


[Site "https://www.chess.com"]

[Event "Titled Tuesday Blitz August 1 Early 2023"]
[White "Shtembuliak, Evgeny"]
[Black "Kim, Yoon-Young"]
[WhiteFideId "14113325"]
[BlackFideId "30908779"]
[WhiteElo "2853"]
[BlackElo "2723"]
[Result "1-0"]
[Round "6"]
[TimeControl "180+1"]
[Date "2023.08.01"]
[WhiteClock "0:00:18"]
[BlackClock "0:00:05"]
[Board "26"]

1. c4 e5 2. Nc3 Nf6 3. Nf3 Nc6 4. e3 Bb4 5. Qc2 Bxc3 6. Qxc3 Qe7 7. b3 O-O 8. Bb2 d6 9. h3 a5 10. a3 Bf5 11. d3 Bg6 12. Nh4 d5 13. Nxg6 hxg6 14. cxd5 Nxd5 15. Qc4 Nb6 16. Qc2 Rfd8 17. Be2 Rd6 18. O-O Rad8 19. Rfc1 Nd5 20. Bf3 Kh7 21. Qc5 Qe6 22. Qb5 Nb6 23. Bxc6 bxc6 24. Qxe5 f6 25. Qxe6 Rxe6 26. d4 Nd5 27. Bc3 Ra8 28. Bd2 f5 29. g3 g5 30. Re1 Kg6 31. Rac1 Rh8 32. Kg2 Ra8 33. Rc5 a4 34. b4 g4 35. h4 Kf7 36. Rec1 Ra6 37. Ra5 Rb6 38. Rxa4 g5 39. hxg5 Kg6 40. Rh1 Ne7 41. Ra8 Kxg5 42. e4+ Kg6 43. Rh6+ Kf7 44. Rh7+ Kg6 45. exf5+ Nxf5 46. Rxc7 Nxd4 47. Be3 Rd6 48. Rg8+ Kf6 49. Rxg4 Ne6 50. Bxb6 Kf5 51. Rf4+ Nxf4+ 52. gxf4 Kxf4 53. Be3+ Ke4 54. Re7+ Kd3 55. Re5 Rg6+ 56. Kf3 Kc4 57. Rc5+ 1-0


[Site "https://www.chess.com"]

[Event "Titled Tuesday Blitz August 1 Early 2023"]
[White "Papasimakopoulos, Alexandros"]
[Black "Moroni, Luca Jr"]
[WhiteFideId "4244125"]
[BlackFideId "865834"]
[WhiteElo "2722"]
[BlackElo "2853"]
[Result "0-1"]
[Round "6"]
[TimeControl "180+1"]
[Date "2023.08.01"]
[WhiteClock "0:00:36"]
[BlackClock "0:00:29"]
[Board "27"]

1. d4 g6 2. c4 Bg7 3. e4 d6 4. Nc3 c5 5. d5 Bxc3+ 6. bxc3 e5 7. f4 exf4 8. Bxf4 Qh4+ 9. g3 Qe7 10. Bd3 Nd7 11. Nf3 Ngf6 12. O-O Ng4 13. Bc2 f6 14. Ba4 O-O 15. Bxd7 Bxd7 16. Qd3 Rae8 17. Rae1 Rf7 18. Kg2 g5 19. Bc1 Ne5 20. Nxe5 Qxe5 21. Bd2 Kg7 22. h3 h6 23. Qb1 b6 24. Rf5 Qe7 25. Rf2 Qd8 26. Rh1 Rfe7 27. Re2 Bf5 28. Rhe1 Qd7 29. g4 Bg6 30. Kg3 Re5 31. Qc2 h5 32. Bc1 Rh8 33. Rh2 Qe8 34. Rhe2 hxg4 35. hxg4 Rh4 36. Rh2 Bxe4 37. Qd1 Bc2 38. Qxc2 Rxe1 39. Rxh4 gxh4+ 40. Kxh4 Qe4 41. Qf2 Rh1+ 42. Kg3 Qe1 43. Bf4 Rg1+ 44. Kh3 0-1


[Site "https://www.chess.com"]

[Event "Titled Tuesday Blitz August 1 Early 2023"]
[White "Rosen, Eric"]
[Black "Mitrabha, Guha"]
[WhiteFideId "2032562"]
[BlackFideId "5057000"]
[WhiteElo "2694"]
[BlackElo "2850"]
[Result "1-0"]
[Round "6"]
[TimeControl "180+1"]
[Date "2023.08.01"]
[WhiteClock "0:00:06"]
[BlackClock "0:01:17"]
[Board "28"]

1. d4 Nf6 2. Bf4 g6 3. Nc3 c5 4. dxc5 Bg7 5. e4 O-O 6. Qd2 Na6 7. Bxa6 bxa6 8. e5 Nh5 9. Bh6 Bb7 10. Bxg7 Nxg7 11. f4 Ne6 12. Nh3 Qc7 13. O-O Qxc5+ 14. Kh1 Qd4 15. Rad1 Qxd2 16. Rxd2 Bc6 17. Kg1 Rab8 18. b3 Rfc8 19. Ne2 a5 20. Ng5 Nxg5 21. fxg5 Rb5 22. Nd4 Rxe5 23. c4 d6 24. Nxc6 Rxc6 25. Rdf2 Rc8 26. Rxf7 Re8 27. h4 a4 28. R7f3 Re4 29. g3 a5 30. R1f2 axb3 31. axb3 a4 32. bxa4 Rxc4 33. Rf4 Rc5 34. Kg2 Ra8 35. Rb2 Rc7 36. Rfb4 Kf7 37. Rf2+ Ke8 38. Rbf4 Rc5 39. Rf8+ Kd7 40. Rxa8 Ke6 41. Ra7 Re5 42. a5 Kd5 43. Rb7 Re1 44. a6 e5 45. Ra2 1-0


[Site "https://www.chess.com"]

[Event "Titled Tuesday Blitz August 1 Early 2023"]
[White "Agibileg, Uurtsaikh"]
[Black "Talibov, Shiroghlan"]
[WhiteFideId "4901606"]
[BlackFideId "13429078"]
[WhiteElo "2689"]
[BlackElo "2847"]
[Result "1-0"]
[Round "6"]
[TimeControl "180+1"]
[Date "2023.08.01"]
[WhiteClock "0:01:55"]
[BlackClock "0:01:41"]
[Board "29"]

1. d4 Nf6 2. c4 e6 3. Nc3 Bb4 4. a3 Bxc3+ 5. bxc3 d6 6. f3 e5 7. e4 Nbd7 8. Bd3 h6 9. Ne2 b6 10. O-O Qe7 11. f4 Ba6 12. Ng3 g6 13. a4 h5 14. fxe5 dxe5 15. Bg5 Qe6 16. c5 Bxd3 17. Qxd3 bxc5 18. d5 Qd6 19. Qf3 Ke7 20. h4 a5 21. Ra2 Ra6 22. Raf2 Rb8 23. Qd3 c4 24. Qxc4 Qa3 25. Qxa6 1-0


[Site "https://www.chess.com"]

[Event "Titled Tuesday Blitz August 1 Early 2023"]
[White "Dvirnyy, Danyyil"]
[Black "Kazakouski, Valery"]
[WhiteFideId "817570"]
[BlackFideId "13507443"]
[WhiteElo "2790"]
[BlackElo "2842"]
[Result "0-1"]
[Round "6"]
[TimeControl "180+1"]
[Date "2023.08.01"]
[WhiteClock "0:00:00"]
[BlackClock "0:00:32"]
[Board "30"]

1. Nf3 d5 2. g3 Nd7 3. d4 Nb6 4. a4 a5 5. Bg2 Bf5 6. O-O Nf6 7. b3 h6 8. Ba3 e6 9. Bxf8 Kxf8 10. Nbd2 Qd6 11. c3 Ke7 12. Ne1 Bh7 13. Nd3 Bxd3 14. exd3 c5 15. Nf3 Rhc8 16. Re1 Kf8 17. Qd2 Nbd7 18. Rab1 Rab8 19. dxc5 Qxc5 20. Rec1 b5 21. b4 Qa7 22. Nd4 bxa4 23. b5 Qc5 24. Ra1 e5 25. Nf5 Rxb5 26. d4 Qc7 27. dxe5 Qxe5 28. Nd4 Rbc5 29. Rxa4 Nb6 30. Raa1 Nc4 31. Qd3 Ne4 32. Nf3 Qf6 33. Ra2 Ncd6 34. Nd4 Nxc3 35. Rac2 Nce4 36. Bxe4 Rxc2 37. Rxc2 Rxc2 38. Qxc2 Qxd4 39. Bd3 g6 40. Bf1 Kg7 41. Kg2 Ne4 42. Bd3 Nc3 43. h4 h5 44. Kg1 a4 45. Kg2 a3 46. Kf1 a2 0-1


[Site "https://www.chess.com"]

[Event "Titled Tuesday Blitz August 1 Early 2023"]
[White "Wieczorek, Oskar"]
[Black "Rustemov, Alexander"]
[WhiteFideId "1133950"]
[BlackFideId "4119002"]
[WhiteElo "2653"]
[BlackElo "2840"]
[Result "0-1"]
[Round "6"]
[TimeControl "180+1"]
[Date "2023.08.01"]
[WhiteClock "0:00:45"]
[BlackClock "0:00:49"]
[Board "31"]

1. e4 e6 2. d4 d5 3. Nd2 dxe4 4. Nxe4 Bd7 5. Nf3 Bc6 6. Nc3 Nf6 7. Be3 Nbd7 8. Be2 Be7 9. O-O O-O 10. Qd2 Ne4 11. Nxe4 Bxe4 12. Ng5 Bg6 13. c4 c6 14. Rac1 Qc7 15. h4 h6 16. h5 Bf5 17. Nf3 Nf6 18. Bf4 Bd6 19. Ne5 Rad8 20. Qe3 c5 21. dxc5 Bxc5 22. Qg3 Ne4 23. Qh4 Be7 24. Qh2 Qb6 25. b3 Qa5 26. a4 Qb4 27. Bf3 Nd2 28. Rfe1 Nxb3 29. Rcd1 Nd4 30. Bg4 Bxg4 31. Nxg4 Ne2+ 32. Kh1 Rxd1 33. Rxd1 Qxc4 0-1


[Site "https://www.chess.com"]

[Event "Titled Tuesday Blitz August 1 Early 2023"]
[White "Sychev, Klementy"]
[Black "Kleiman, Jake"]
[WhiteFideId "4114060"]
[BlackFideId "2020041"]
[WhiteElo "2817"]
[BlackElo "2526"]
[Result "0-1"]
[Round "6"]
[TimeControl "180+1"]
[Date "2023.08.01"]
[WhiteClock "0:00:00"]
[BlackClock "0:00:10"]
[Board "32"]

1. e4 e5 2. Nf3 Nc6 3. d4 exd4 4. c3 dxc3 5. Bc4 cxb2 6. Bxb2 d5 7. exd5 Nb8 8. O-O Nf6 9. Re1+ Be7 10. Bxf6 gxf6 11. Nd4 h5 12. Nc3 Kf8 13. Rb1 Nd7 14. d6 Bxd6 15. Bxf7 Kxf7 16. Qb3+ Kg6 17. Ne6 Qg8 18. Qc2+ Kh6 19. Qd2+ Kh7 20. Nd5 Qg6 21. Nexc7 Ne5 22. Kh1 Rg8 23. f4 Nc4 24. Qe2 Nb6 25. Nxb6 axb6 26. Nxa8 Bf5 27. Rxb6 Bxf4 28. Rxb7+ Kh8 29. Nb6 Bd3 30. Qf2 Be4 0-1


[Site "https://www.chess.com"]

[Event "Titled Tuesday Blitz August 1 Early 2023"]
[White "Kuznetsov, Mikhail"]
[Black "Harvey, Marcus R"]
[WhiteFideId "4117190"]
[BlackFideId "400092"]
[WhiteElo "2483"]
[BlackElo "2806"]
[Result "0-1"]
[Round "6"]
[TimeControl "180+1"]
[Date "2023.08.01"]
[WhiteClock "0:00:04"]
[BlackClock "0:01:58"]
[Board "33"]

1. Nf3 d5 2. g3 Nc6 3. d4 Bf5 4. Bg2 Nb4 5. Na3 e6 6. O-O Be7 7. c4 Nc6 8. cxd5 exd5 9. Nb5 a6 10. Nc3 Nf6 11. Ne5 O-O 12. Bg5 Be6 13. Rc1 h6 14. Bxf6 Bxf6 15. Nxc6 bxc6 16. Na4 Re8 17. e3 Bd7 18. Nc5 Be7 19. Qa4 Bxc5 20. Rxc5 Rb8 21. b3 Rb6 22. Rfc1 h5 23. h4 Re6 24. Ra5 Bc8 25. Bh3 Rf6 26. Bxc8 Qxc8 27. Rac5 Qf5 28. R1c2 Qf3 29. Qa5 g5 30. hxg5 h4 31. gxh4 Qg4+ 32. Kf1 Rf3 33. Rxc6 Rh3 34. Ke1 Rh1+ 35. Kd2 Qd1+ 36. Kc3 Rxc6+ 37. Kb4 Qe1+ 38. Ka4 Qxa5+ 39. Kxa5 Rxc2 40. Ka4 Rxa2+ 0-1


[Site "https://www.chess.com"]

[Event "Titled Tuesday Blitz August 1 Early 2023"]
[White "Al Mukhaini, Shima"]
[Black "Priasmoro, Novendra"]
[WhiteFideId "22005854"]
[BlackFideId "7105029"]
[WhiteElo "2433"]
[BlackElo "2791"]
[Result "0-1"]
[Round "6"]
[TimeControl "180+1"]
[Date "2023.08.01"]
[WhiteClock "0:00:13"]
[BlackClock "0:00:11"]
[Board "34"]

1. e4 c5 2. d4 cxd4 3. c3 d3 4. Bxd3 Nc6 5. f4 g6 6. Nf3 Bg7 7. O-O d6 8. Qe2 Nf6 9. h3 O-O 10. Be3 Nh5 11. Qf2 e5 12. f5 Nf4 13. Bxf4 exf4 14. Nbd2 d5 15. Rad1 dxe4 16. Bxe4 Qf6 17. fxg6 hxg6 18. Nb3 Re8 19. Bd5 Bf5 20. Nfd4 Be4 21. Nxc6 Bxd5 22. Rxd5 bxc6 23. Rd4 g5 24. h4 Qg6 25. Ra4 Re3 26. hxg5 Be5 27. Rxf4 Bxf4 28. Qxf4 Rae8 29. Nd4 Re1 30. Nf5 Rxf1+ 31. Kxf1 Qe6 32. Nh6+ Kg7 33. Nf5+ Kg6 34. Nh4+ Kh7 35. Kg1 Qe1+ 36. Kh2 Qe5 37. g3 Qxf4 38. gxf4 Re2+ 39. Kg3 Rxb2 40. Nf5 Rxa2 41. Nd6 Kg8 42. Kg4 Rc2 43. Kf5 Rxc3 44. Kf6 Rf3 45. f5 a5 46. Nc4 a4 47. Ne5 Rf1 48. Nxf7 Rxf5+ 49. Kxf5 Kxf7 50. g6+ Kg7 0-1


[Site "https://www.chess.com"]

[Event "Titled Tuesday Blitz August 1 Early 2023"]
[White "Jahnz, Fabian"]
[Black "Do Valle Cardoso, Lucas"]
[WhiteFideId "4653300"]
[BlackFideId "2163144"]
[WhiteElo "2344"]
[BlackElo "2683"]
[Result "1/2-1/2"]
[Round "6"]
[TimeControl "180+1"]
[Date "2023.08.01"]
[WhiteClock "0:00:14"]
[BlackClock "0:00:08"]
[Board "35"]

1. e4 c5 2. Nf3 d6 3. Bb5+ Nd7 4. O-O a6 5. Bxd7+ Bxd7 6. d4 cxd4 7. Qxd4 Nf6 8. c4 e6 9. Nc3 Be7 10. h3 O-O 11. Be3 b5 12. cxb5 axb5 13. a3 Rc8 14. Qd3 Qa5 15. e5 dxe5 16. Nxe5 Be8 17. b4 Qc7 18. Bd4 Qb7 19. Rac1 Ra8 20. Ra1 Nd5 21. Nxd5 Qxd5 22. Bb2 Qxd3 23. Nxd3 Bc6 24. Rac1 Be4 25. Nc5 Bd5 26. Nd7 Rfd8 27. Nb6 Rab8 28. Nxd5 Rxd5 29. Rfd1 Rbd8 30. Rxd5 Rxd5 31. Rc8+ Bd8 32. Be5 Kf8 33. Bc7 Ke7 34. Bxd8+ Rxd8 35. Rc5 Rb8 36. Rc7+ Kf6 37. Kf1 Ra8 38. Rb7 Rxa3 39. Rxb5 Ra2 40. g3 Rb2 41. Rb7 Kg6 42. Kg2 f6 43. b5 e5 44. b6 e4 45. Kf1 Kf5 46. Rxg7 Rxb6 47. Rxh7 Rb2 48. Rh5+ Ke6 49. Rc5 f5 50. h4 Kf6 51. Rc6+ Kg7 52. h5 Rb3 53. h6+ Kh7 54. Rf6 Rf3 55. Kg2 Kh8 56. Rf7 Kg8 57. Rc7 Kh8 58. h7 Ra3 59. Rf7 Ra5 60. Kf1 Rb5 61. Ke2 Rc5 62. Ke3 Rc3+ 63. Kd4 Rf3 64. Ke5 e3 65. fxe3 Rxg3 66. Kxf5 Rxe3 67. Kg6 Rg3+ 68. Kf6 Rf3+ 69. Ke6 Rxf7 70. Kxf7 Kxh7 1/2-1/2


[Site "https://www.chess.com"]

[Event "Titled Tuesday Blitz August 1 Early 2023"]
[White "Jones, Gawain C B"]
[Black "Rendle, Thomas E"]
[WhiteFideId "409561"]
[BlackFideId "408760"]
[WhiteElo "2903"]
[BlackElo "2679"]
[Result "0-1"]
[Round "6"]
[TimeControl "180+1"]
[Date "2023.08.01"]
[WhiteClock "0:00:02"]
[BlackClock "0:00:21"]
[Board "36"]

1. g3 f5 2. Bg2 Nf6 3. d3 d6 4. e4 Nc6 5. Nc3 g6 6. d4 fxe4 7. d5 Ne5 8. Nxe4 Bg4 9. Nxf6+ exf6 10. f3 Bd7 11. f4 Nc4 12. Nf3 Bg7 13. Nd4 O-O 14. Ne6 Bxe6 15. dxe6 c6 16. O-O Qb6+ 17. Kh1 Rae8 18. f5 gxf5 19. b3 Ne3 20. Bxe3 Qxe3 21. Re1 Qc5 22. Qd3 f4 23. gxf4 f5 24. Rad1 d5 25. Bh3 d4 26. Bg2 Re7 27. Re2 Qd6 28. c3 Rxe6 29. Rxe6 Qxe6 30. cxd4 Qd6 31. d5 c5 32. Qe3 Kh8 33. Re1 b6 34. a4 Rg8 35. Qf3 Bd4 36. Re6 Qd8 37. Qh5 Qf8 38. d6 Qg7 39. Re2 Be3 40. Qf3 Qa1+ 0-1


[Site "https://www.chess.com"]

[Event "Titled Tuesday Blitz August 1 Early 2023"]
[White "Rastbod, Ali"]
[Black "Galchenko, Matvey"]
[WhiteFideId "12567477"]
[BlackFideId "24175480"]
[WhiteElo "2666"]
[BlackElo "2884"]
[Result "0-1"]
[Round "6"]
[TimeControl "180+1"]
[Date "2023.08.01"]
[WhiteClock "0:00:00"]
[BlackClock "0:00:02"]
[Board "37"]

1. c4 e6 2. Nc3 d5 3. d4 c6 4. e4 dxe4 5. Nxe4 Bb4+ 6. Nc3 c5 7. Nf3 Nc6 8. Be3 Nf6 9. a3 Ba5 10. dxc5 Bxc3+ 11. bxc3 Qa5 12. Qc2 Ne4 13. Bd3 Nxc5 14. Bxh7 Bd7 15. Rb1 Ne7 16. Bxc5 Qxc5 17. Be4 Qxc4 18. Rb4 Qc5 19. Bxb7 Rd8 20. O-O a5 21. Rd4 e5 22. Re4 Qc7 23. Ba6 Bc6 24. Nxe5 Bxe4 25. Qxe4 Rd5 26. Nf3 O-O 27. Bd3 g6 28. Qh4 Rh5 29. Qe4 Qxc3 30. Qxe7 Qxd3 31. h3 Rb5 32. Re1 Rb1 33. Rxb1 Qxb1+ 34. Kh2 Qb8+ 35. g3 Re8 36. Qf6 Re6 37. Qd4 Qd6 38. Qc3 Qd8 39. h4 Qf6 40. Qb3 Re2 41. Kg2 Kg7 42. a4 Re7 43. Qb5 Qf5 44. Qb2+ Kg8 45. Qb8+ Kg7 46. Qb2+ Qf6 47. Qb5 Qc3 48. Qd5 Rc7 49. h5 Qc6 50. Qd4+ f6 51. hxg6 Kxg6 52. Qg4+ Kf7 53. Qh5+ Ke7 54. Qh7+ Kd6 55. Qd3+ Qd5 56. Qe3 Rc4 57. Qb6+ Ke7 58. Qa7+ Kf8 59. Qb8+ Kf7 60. Qa7+ Kg6 61. Qe3 Rxa4 62. Kh2 Re4 63. Nh4+ Kf7 64. Qa7+ Re7 65. Qa6 Re1 66. Ng2 Qh5+ 67. Nh4 Qd5 68. Ng2 Re6 69. Qa7+ Re7 70. Qb6 a4 71. Nf4 Qb3 72. Qd8 a3 73. Qh8 Re5 74. Qh7+ Ke8 75. Qh8+ Ke7 76. Qg7+ Qf7 77. Qh8 a2 78. Qa8 Qb3 79. Qa7+ Kd6 80. Qa6+ Kc7 81. Ng6 Rc5 82. Ne7 Rh5+ 83. Kg2 Qb7+ 0-1


[Site "https://www.chess.com"]

[Event "Titled Tuesday Blitz August 1 Early 2023"]
[White "Lewicki, Miroslaw"]
[Black "Ter-Sahakyan, Samvel"]
[WhiteFideId "1113380"]
[BlackFideId "13302531"]
[WhiteElo "2656"]
[BlackElo "2839"]
[Result "0-1"]
[Round "6"]
[TimeControl "180+1"]
[Date "2023.08.01"]
[WhiteClock "0:00:00"]
[BlackClock "0:00:22"]
[Board "38"]

1. g3 d5 2. Bg2 e5 3. d3 Nf6 4. Nf3 Bd6 5. O-O O-O 6. b3 Re8 7. Bb2 c5 8. e4 d4 9. Nbd2 Nc6 10. c3 dxc3 11. Bxc3 b6 12. Qe2 Bc7 13. Rfd1 Ba6 14. Nf1 Qd7 15. Nh4 Rad8 16. Rd2 Nd4 17. Bxd4 Qxd4 18. Rad1 g6 19. Qf3 Qd6 20. Ne3 Kh8 21. h3 Qe7 22. Bf1 Rd7 23. Nhg2 Red8 24. Ng4 Nxg4 25. Qxg4 Rd4 26. Qf3 Kg7 27. Ne3 Bb7 28. g4 Qf6 29. Qe2 b5 30. Bg2 Ba5 31. Rc2 Bb6 32. Nd5 Qd6 33. Rdc1 Bxd5 34. exd5 Rf4 35. Qe1 Qf6 36. Kh1 Rh8 37. Rxc5 Bxc5 38. Rxc5 Rxf2 39. d6 Rd8 40. Rxe5 Rxd6 41. Re3 Rxa2 42. Qg3 Re6 43. Rf3 Ra1+ 44. Kh2 Qe5 45. Rf4 g5 46. Rf5 Qxg3+ 47. Kxg3 h6 48. Be4 a6 49. Rc5 Rf6 50. Bd5 Rg1+ 51. Kh2 Rgf1 0-1


[Site "https://www.chess.com"]

[Event "Titled Tuesday Blitz August 1 Early 2023"]
[White "Sosa, Tomas"]
[Black "Hua, Lefong"]
[WhiteFideId "121576"]
[BlackFideId "2602253"]
[WhiteElo "2825"]
[BlackElo "2650"]
[Result "0-1"]
[Round "6"]
[TimeControl "180+1"]
[Date "2023.08.01"]
[WhiteClock "0:00:08"]
[BlackClock "0:01:14"]
[Board "39"]

1. d4 Nf6 2. c4 c5 3. e3 g6 4. Nc3 Bg7 5. Nf3 O-O 6. Be2 cxd4 7. exd4 d5 8. h3 Nc6 9. O-O Be6 10. c5 Ne4 11. Be3 Nxc5 12. dxc5 d4 13. Nxd4 Nxd4 14. Bg4 Bxg4 15. Qxg4 Nc2 16. Rac1 Nxe3 17. fxe3 Qd2 18. Qe4 Qxb2 19. Nd5 e6 20. Ne7+ Kh8 21. Rb1 Qa3 22. Rb5 a6 23. Rb4 Rae8 24. Qxb7 Rxe7 25. Qxe7 Qxb4 26. Rd1 Kg8 27. h4 Bh6 28. h5 Bxe3+ 29. Kh2 Qf4+ 30. Kh1 Qg4 0-1


[Site "https://www.chess.com"]

[Event "Titled Tuesday Blitz August 1 Early 2023"]
[White "Pichot, Alan"]
[Black "Sipila, Vilka"]
[WhiteFideId "110973"]
[BlackFideId "505455"]
[WhiteElo "2818"]
[BlackElo "2628"]
[Result "1-0"]
[Round "6"]
[TimeControl "180+1"]
[Date "2023.08.01"]
[WhiteClock "0:00:29"]
[BlackClock "0:00:00"]
[Board "40"]

1. c4 f5 2. b3 Nf6 3. Bb2 e6 4. g3 Be7 5. Bg2 O-O 6. Nf3 d6 7. O-O e5 8. d3 c6 9. Nc3 Na6 10. a3 Nc7 11. b4 Bd7 12. a4 a5 13. b5 Ne6 14. Ba3 e4 15. dxe4 fxe4 16. Nd4 d5 17. cxd5 cxd5 18. Bxe7 Qxe7 19. Nf5 Qc5 20. Rc1 d4 21. Nd5 Qa3 22. Nxf6+ Rxf6 23. Nxd4 Nc5 24. Nc2 Qb3 25. Ne3 Qa3 26. Rxc5 Qxc5 27. Qxd7 Raf8 28. Qd5+ Qxd5 29. Nxd5 Re6 30. Rc1 Re5 31. Ne3 Rd8 32. Rc4 Rd2 33. Bxe4 b6 34. Kf1 g6 35. f3 Ra2 36. Nd5 Re6 37. Nxb6 Ra1+ 38. Kf2 Rxb6 39. Ke3 Rd1 40. Bd3 Re6+ 41. Kf4 Kf8 42. Rc7 Re7 43. Rc8+ Re8 44. Rc6 Ra1 45. Rc4 Re6 46. h4 Ke7 47. Rc7+ Kd6 48. Rxh7 Rxa4+ 49. Kg5 Rb4 50. Ra7 a4 51. b6 Rxb6 52. Rxa4 Ke7 53. Ra7+ Kf8 54. g4 Rbd6 55. f4 Rd5+ 56. f5 gxf5 57. gxf5 Rb6 58. h5 Rdd6 59. Bc4 Rdc6 60. Bd5 Rd6 61. e4 Ke8 62. Rh7 Kf8 63. h6 1-0


[Site "https://www.chess.com"]